cohdb
Replays
Latest Replays
All Replays
Popular Replays
Top Player Replays
Match Explorer
How It Works
Community
CoH3 Stats
Reddit
Sign in to upload your games and track your stats! →
Sign in with Steam
Match 46350828
Unlisted
Match 46350828
Overview
Messages
Build Orders
End
Kradschützen Motorcycle Team
Panzergrenadier Squad
Panzergrenadier Squad
Panzergrenadier Squad
Construct Light Support Kompanie
Selects Italian Infantry
Selects Guastatori Squad
Selects L6/40 Light Tank Combat Group
L6/40 Light Tank Combat Group
Panzerjäger Mechanized Group
Selects Defensive Operations
Fire Support Elements
Vehicle Survival Package
Construct Mechanized Kompanie
Selects Towed Cannone da 105/28 Field Howitzer
Towed Cannone da 105/28 Field Howitzer
Marder III Tank Destroyer
Emergency Repair Kits
Marder III Tank Destroyer
T.R. Olvadi
Nico-Nico-Nii~~
PodadoAim
P3prime
0
0
Comments
sign in to comment!
No comments posted yet!